 Dungeon Crawl Stone Soup version 0.30-a0-1094-g860fb061e7 (webtiles) character file.

Game seed: 15637603305511955460

848 benadryl the Grappler (level 7, -2/66 HPs)
             Began as a Troll Fighter on Apr 17, 2023.
             Slain by an orc
             ... wielding a +0 whip
              (5 damage)
             ... on level 5 of the Dungeon.
             The game lasted 00:02:49 (3232 turns).

benadryl the Grappler (Troll Fighter)               Turns: 3232, Time: 00:02:50

Health: -2/66      AC:  5    Str: 27    XL:     7   Next: 69%
Magic:  6/6        EV:  8    Int: 10    God:
Gold:   138        SH:  7    Dex:  9    Spells: 6/6 levels left

rFire   . . .      SeeInvis .      - Unarmed
rCold   . . .      Faith    .    b - +0 kite shield
rNeg    . . .      Spirit   .    a - +0 robe
rPois   .          Reflect  .    (helmet restricted)
rElec   .          Rampage  .    n - +0 cloak
rCorr   .                        (gloves unavailable)
Will    .....                    (boots unavailable)
Stlth   +                        (no amulet)
HPRegen 1.11/turn                p - +6 ring of intelligence
MPRegen 0.10/turn                (no ring)

@: mighty, brilliant
A: large, unfitting armour, claws 3, regeneration 1, shaggy fur 1, tough skin 1
a: no special abilities


You were on level 5 of the Dungeon.
You visited 1 branch of the dungeon, and saw 5 of its levels.

You collected 138 gold pieces.

Inventory:

Missiles
 t - 3 silver javelins (quivered)
Armour
 a - a +0 robe (worn)
 b - a +0 kite shield (worn)
 n - a +0 cloak (worn)
Jewellery
 p - a +6 ring of intelligence (left claw)
Wands
 r - a wand of roots (9)
Scrolls
 d - 3 scrolls of teleportation {unknown}
 e - 2 scrolls of magic mapping {unknown}
 f - 4 scrolls of acquirement {unknown}
 k - 3 scrolls of identify {unknown}
 o - a scroll of blinking {unknown}
 s - a scroll of enchant weapon {unknown}
Potions
 c - 2 potions of might
 g - 2 potions of degeneration {unknown}
 h - a potion of ambrosia {unknown}
 i - a potion of flight {unknown}
 j - 3 potions of curing {@q1}
 l - 2 potions of haste {unknown}
 m - a potion of lignification {unknown}
 q - a potion of brilliance


   Skills:
 - Level 2.4 Fighting
 - Level 2.4 Dodging
 - Level 2.6 Shields
 * Level 9.0 Unarmed Combat


You had 6 spell levels left.
You didn't know any spells.
Your spell library contained the following spells:

 Spells                   Type           Power      Damage    Failure   Level
 Simulacrum               Ice/Necr       0%         N/A       100%        6
 Ozocubu's Refrigeration  Ice            0%         4d7       100%        7
 Polar Vortex             Ice            0%         N/A       100%        9


Dungeon Overview and Level Annotations

Branches:
Dungeon (5/15)
 Temple: D:4-7

Altars:
Fedhas
Hepliaklqana
Kikubaaqudgha
Ru
Xom

Annotations:
D:4 3 runed translucent doors, pokeman's ghost, novice DEHW


Innate Abilities, Weirdness & Mutations

You are too large for most types of armour.
You have claws for hands.
Your natural rate of healing is unusually fast.
You are covered in fur. (AC +1)
You have tough skin. (AC +1)


Message History

You barely miss the orc warrior.
The orc warrior is severely wounded.
A black bear comes into view.
The orc warrior hits you with a +0 war axe.
Something hits you. You block the orc's attack.
You closely miss the orc warrior.
The orc warrior is severely wounded.
You hear the slow rusting of a distant drain.
The black bear growls angrily.
The orc warrior hits you with a +0 war axe!
Something hits you but does no damage. The orc hits you with a +0 whip.
The orc hits you with a +0 flail!
* * * LOW HITPOINT WARNING * * *
You closely miss the orc warrior.
The orc warrior is severely wounded.
The orc warrior completely misses you. Something hits you.
* * * LOW HITPOINT WARNING * * *
The orc hits you but does no damage. You block the orc's attack.
You claw the orc warrior!
You kill the orc warrior!
The orc closely misses you.
You hear some strange, mumbled words.
A magic dart appears from out of thin air!
The magic dart hits you!
* * * LOW HITPOINT WARNING * * *
The orc hits you with a +0 whip.
* * * LOW HITPOINT WARNING * * *
Your Unarmed Combat skill increases to level 9!
It was a potion of curing.
You feel better. The orc hits you but does no damage. Something hits you.
* * * LOW HITPOINT WARNING * * *
The orc barely misses you.
It was a potion of brilliance.
You feel clever all of a sudden. The orc hits you with a +0 flail.
* * * LOW HITPOINT WARNING * * *
Something hits you.
* * * LOW HITPOINT WARNING * * *
The orc hits you with a +0 whip.
You die...

#.....# #.....#
#.....# #.....###
#.....#.
#.......######
#....)##.o...#
######....)@..#
#....'>...{o.....~≈
#.####...h....##~~≈
####.# .....######
≈ #....#......#
#.######.#+## #.#
.. #.# .#. #.#


You could see a black bear and 2 orcs.

Vanquished Creatures
  Grinder (D:3)
  An orc warrior (D:5)
  A phantom (D:5)
  A scorpion (D:4)
  4 hounds
  A gnoll bouda (D:5)
  2 sleepcaps (D:4)
  Jessica (D:2)
  3 gnolls (D:5)
  6 adders
  4 worms
  5 dart slugs
  9 orcs
  5 ball pythons
  10 endoplasms
  4 giant cockroaches
  10 goblins
  7 hobgoblins
  2 jackals (D:3)
  10 kobolds
  3 quokkas
  8 bats
  A frilled lizard (D:2)
  5 rats
104 creatures vanquished.

Notes
Turn   | Place    | Note
-------+----------+-------------------------------------------
     0 | D:1      | benadryl the Troll Fighter began the quest for the Orb.
     0 | D:1      | Reached XP level 1. HP: 22/22 MP: 0/0
   120 | D:1      | Reached XP level 2. HP: 29/29 MP: 1/1
   172 | D:1      | Reached skill level 3 in Unarmed Combat
   337 | D:1      | Found a faded altar of an unknown god.
   619 | D:1      | Reached XP level 3. HP: 35/36 MP: 2/2
   954 | D:2      | Reached skill level 4 in Unarmed Combat
   990 | D:2      | Noticed Jessica
  1001 | D:2      | Killed Jessica
  1002 | D:2      | Reached XP level 4. HP: 10/44 MP: 3/3
  1114 | D:2      | Found a shimmering altar of Xom.
  1378 | D:2      | Reached skill level 5 in Unarmed Combat
  2033 | D:3      | Found a blossoming altar of Fedhas.
  2033 | D:3      | Found a hazy altar of Hepliaklqana.
  2034 | D:3      | Found an ancient bone altar of Kikubaaqudgha.
  2070 | D:3      | Reached XP level 5. HP: 50/50 MP: 4/4
  2071 | D:3      | Noticed Grinder
  2084 | D:3      | Killed Grinder
  2085 | D:3      | Reached skill level 6 in Unarmed Combat
  2085 | D:3      | Reached XP level 6. HP: 51/59 MP: 5/5
  2405 | D:3      | Found a sacrificial altar of Ru.
  2493 | D:4      | Reached skill level 7 in Unarmed Combat
  2776 | D:4      | Reached XP level 7. HP: 58/66 MP: 6/6
  2973 | D:4      | Reached skill level 8 in Unarmed Combat
  2977 | D:4      | Found a runed translucent gate.
  2977 | D:4      | Found a runed translucent gate.
  2980 | D:4      | Found a runed translucent gate.
  2981 | D:4      | Noticed pokeman's ghost (novice DEHW)
  3127 | D:5      | Entered Level 5 of the Dungeon
  3230 | D:5      | HP: 1/66 [orc/+0 whip (5)]
  3231 | D:5      | Reached skill level 9 in Unarmed Combat
  3232 | D:5      | Slain by an orc

Illustrated notes

Levels and vault maps discovered:
D:1:      minmay_arrival_four_houses, layout_basic,
          hellmonk_ecumenical_altar_heavens_door, bh_walls_and_bars
D:2:      layout_basic, basic_altar, minmay_increasing_density, uniq_jessica
D:3:      layout_basic, gammafunk_temple_overflow_claw,
          nicolae_overflow_hidden_temple, uniq_grinder
D:4:      layout_loops_ring, ebering_ghost_rock_garden
D:5:      wander_river, layout_basic, minmay_temple_entry_drinking_statues,
          cheibrodos_sewer_entry_drain

Skill      XL: |  1  2  3  4  5  6  7 |
---------------+----------------------+-----
Unarmed Combat | 3 4 5 6 7 9 |  9.0
Fighting       | |  2.4
Dodging        | |  2.4
Shields        | |  2.6

Action                     |  1- 3 |  4- 6 |  7- 9 || total
---------------------------+-------+-------+-------++-------
  Melee: Unarmed           |    90 |   146 |    58 ||   294
    Use: Potion            |     1 |       |     3 ||     4
   Stab: Sleeping          |       |     1 |       ||     1
 Armour: Robe              |    21 |    44 |    15 ||    80
  Dodge: Dodged            |    26 |    35 |    18 ||    79
  Block: Kite shield       |    28 |    45 |    24 ||    97

Table legend: (Time is in decaauts)
 A = Elapsed time spent in this place.
 B = Non-inter-level travel time spent in this place.
 C = Inter-level travel time spent in this place.
 D = Time resting spent in this place.
 E = Time spent auto-exploring this place.
 F = Levels seen in this place.
 G = Mean time per level.
                   A        B        C        D        E       F      G
               +--------+--------+--------+--------+--------+-----+--------+
         Total |   3245 |   3028 |    217 |     68 |   2345 |   5 |  649.0 |
       Dungeon |   3245 |   3028 |    217 |     68 |   2345 |   5 |  649.0 |
               +--------+--------+--------+--------+--------+-----+--------+

Top non-repeatable levels by time:
     D:2: 1146 daAuts
     D:1: 826 daAuts
     D:4: 663 daAuts
     D:3: 505 daAuts
     D:5: 103 daAuts
